 Dungeon Sprint DCSS version 0.19-a0-1720-gc855d72 (webtiles) character file.

495602 Loading the Axe Maniac (level 20, 202/216 HPs)
             Began as a Hill Orc Fighter on Sept 28, 2016.
             Was the Champion of Qazlal.
             Escaped with the Orb!
             The game lasted 00:30:22 (3852 turns).

Loading the Axe Maniac (Hill Orc Fighter)           Turns: 3852, Time: 00:30:23

Health: 202/216    AC: 51    Str: 30    XL:     20   Next: 18%
Magic:  37/37      EV: 24    Int: 12    God:    Qazlal [******]
Gold:   0          SH: 49    Dex: 25    Spells: 0 memorised, 19 levels left

rFire  + + +     SeeInvis +     L - +14 obsidian axe {chop, +Fly SInv *Curse} (curse)
rCold  . . .     Gourm    .     A - +5 gold dragon armour
rNeg   + + .     Faith    .     M - +18 shield of the Gong {rElec rN+ MR+ EV-5}
rPois  +         Spirit   .     b - +0 helmet {SInv}
rElec  +         Dismiss  .     Y - +2 cloak {MR+}
rCorr  .         Reflect  +     N - +0 pair of gloves {Dex+3}
MR     +++..     Harm     .     V - +2 pair of boots {Fly}
Stlth  .......... NoTele   +    G - amulet of Sedik {Reflect rF++ rC- rN+ Str+8 SH+2}
                                a - ring of the Townfolk {AC+6 Int+4}
                                F - +6 ring of dexterity

@: flying, studying 2 skills, repel missiles
A: no striking features
a: Upheaval, Elemental Force, Disaster Area, Renounce Religion, Stop Flying
0: Orb of Zot


You escaped.
You worshipped Qazlal.
Qazlal was exalted by your worship.
You were not hungry.

You visited 1 branch

Inventory:

Hand Weapons
 L - the cursed +14 obsidian axe (weapon) {chop, +Fly SInv *Curse}
   (You found it in the Dungeon)

   It inflicts extra damage upon your enemies.
   It lets you see invisible.
   It lets you fly.
   It may re-curse itself when equipped.
   It has a curse placed upon it.
 O - the +8 mithril axe "Arga" {speed, MR+}
   (You took it off a merfolk in the Dungeon)

   Attacks with this weapon are significantly faster.
   It affects your resistance to hostile enchantments.
 P - the +1 broad axe "Oggem" {vamp, rElec rF+ Str+6}
   (You acquired it in the Dungeon)

   It inflicts no extra harm, but heals its wielder somewhat when it strikes a
   living foe.
   It affects your strength (+6).
   It protects you from fire.
   It insulates you from electricity.
Armour
 b - a +0 helmet of see invisible (worn)
 y - a +5 crystal plate armour
 A - a +5 gold dragon armour (worn)
 M - the +18 shield of the Gong (worn) {rElec rN+ MR+ EV-5}
   (You found it in the Dungeon)

   It affects your evasion (-5).
   It insulates you from electricity.
   It protects you from negative energy.
   It affects your resistance to hostile enchantments.
 N - a +0 pair of gloves of dexterity (worn)
 V - a +2 pair of boots of flying (worn)
 Y - a +2 cloak of magic resistance (worn)
Jewellery
 a - the ring of the Townfolk (right hand) {AC+6 Int+4}
   (You found it in the Dungeon)

   [ring of protection]

   It affects your AC (+6).
   It affects your intelligence (+4).
 c - an uncursed ring of stealth
 o - the ring of the Burgomaster {rN+ Str+3}
   (You found it in the Dungeon)

   [ring of positive energy]

   It affects your strength (+3).
   It protects you from negative energy.
 F - a +6 ring of dexterity (left hand)
 G - the amulet of Sedik (around neck) {Reflect rF++ rC- rN+ Str+8 SH+2}
   (You found it in the Dungeon)

   [amulet of reflection]

   It shields you and reflects attacks.
   It affects your strength (+8).
   It greatly protects you from fire.
   It makes you vulnerable to cold.
   It protects you from negative energy.
   It affects your SH (+2).
 H - an uncursed ring of stealth
 I - the amulet "Weroaf" {Gourm rF- Int+2 Dex-5 Slay+5}
   (You found it in the Dungeon)

   [amulet of the gourmand]

   It allows you to eat raw meat even when not hungry.
   It affects your intelligence (+2).
   It affects your dexterity (-5).
   It affects your accuracy and damage with ranged weapons and melee attacks
   (+5).
   It makes you vulnerable to fire.
 J - a +6 ring of strength
 Q - the amulet "Gialaikkadgh" {Dismiss rF+}
   (You found it in the Dungeon)

   [amulet of dismissal]

   It may teleport away creatures that harm you.
   It protects you from fire.
Wands
 B - a wand of disintegration (7/24)
 C - a wand of iceblast (5/15)
 D - a wand of lightning (5/15)
 E - a wand of acid (5/15)
Scrolls
 k - 4 scrolls of blinking
 q - 4 scrolls of amnesia
 r - 3 scrolls of recharging
 s - 7 scrolls of fog
 t - a scroll of holy word
 u - 4 scrolls of identify
 v - 5 scrolls of remove curse
 w - 2 scrolls of fear
 X - a scroll of brand weapon
Potions
 d - 6 potions of might
 e - 7 potions of curing
 g - 11 potions of heal wounds
 h - 6 potions of haste
 i - 7 potions of magic
 j - 3 potions of berserk rage
 l - 2 potions of brilliance
 m - 2 potions of invisibility
 n - 4 potions of resistance
 p - 5 potions of agility
Books
 R - a manual of Polearms
 T - a manual of Unarmed Combat
Comestibles
 f - 5 bread rations
 x - 42 fruits
 z - 2 meat rations
 K - 3 royal jellies


   Skills:
 O Level 27 Fighting
 O Level 27 Axes
 O Level 27 Armour
 O Level 27 Dodging
 O Level 27 Shields
 O Level 27 Invocations
 + Level 22.9 Evocations


You had 19 spell levels left.
You didn't know any spells.

Dungeon Overview and Level Annotations

Branches:
Dungeon (1/1)

Altars:
Ashenzari
Cheibriados
Dithmenos
Elyvilon
Fedhas
Gozag
Hepliaklqana
Kikubaaqudgha
Makhleb
Nemelex Xobeh
Okawaru
Qazlal
Ru
Sif Muna
Trog
Uskayaw
Vehumet
Xom
Yredelemnul
Zin
The Shining One
Beogh
Jiyva
Lugonu

Annotations:
D Prince Ribbit


Message History

Found an uncursed staff of summoning.
Found a fan of gales.
Found thirteen items.
Found thirteen items.
Things that are here:
an uncursed amulet of harm; a glowing demon whip the cursed +1 scale mail of True Grit {Dex+4 Stlth-} You see here a book of Death.
You see here a +0 great sword of holy wrath.
Found the +0 pair of gloves of the Evil One {rCorr Stlth+}.
An exit appears before you!
Your surroundings seem different!
Found the Orb of Zot.
Found a staircase leading out of the dungeon.
You see here the Orb of Zot.
You pick up the Orb of Zot!
The Orb lets out a hideous shriek!
The lords of Pandemonium are not amused.
Beware!
Now all you have to do is get back out of the dungeon!
There is a staircase leading out of the dungeon here.
There is a staircase leading out of the dungeon here.
You have escaped!

............▓..▓.......▓..▓...8©8
............▓.▓▓▓..(..▓▓▓.▓..:=.)
............▓..▓.......▓..▓..\|))
............▓.............▓......
............▓.............▓......
............▓▓▓▓▓▓▓▓▓▓▓▓▓▓▓...)..
▓....†..▓...▓8888888888888▓...)).
▓▓.....▓▓▓..▓8..§........8▓.....)
▓.......▓...▓8§.@........8▓......
.........≈..▓8.§.§.......8▓......
............▓8888888888888▓▓▓▓▓▓▓
▓▓▓▓▓▓▓▓▓▓▓▓▓▓▓▓▓▓▓▓▓▓▓▓▓▓▓▓▓▓▓▓▓
...[)8©8.[.)....▓.......:8©8.....
}.=....).).|:):.▓.:}"=)?.).}"}}"}
?\[.....=..?}:".▓.))}=|...[|[[[.|
.........|[??[).▓.)=|"==).)[}...)
}..)=....=......▓.......=.)...)..


There were no monsters in sight!

Vanquished Creatures
  3 orbs of fire (D)
  3 greater mummies (D)
  Saint Roka (D)
  6 shard shrikes (shapeshifter) (D)
  2 hellephants (shapeshifter) (D)
  A titan (shapeshifter) (D)
  An acid blob (shapeshifter) (D)
  3 quicksilver dragons (D)
  13 acid blobs (D)
  2 deep elf master archers (D)
  A thorn hunter (D)
  Gastronok (D)
  Kirke (D)
  A nagaraja (D)
  A draconian monk (D)
  Roxanne (D)
  16 azure jellies (D)
  7 fire giants (D)
  3 balrugs (D)
  2 iron dragons (D)
  A draconian scorcher (D)
  Aizul (D)
  A draconian shifter (D)
  Louise (D)
  3 orc warlords (D)
  3 draconian annihilators (D)
  2 spriggan defenders (D)
  A reaper (D)
  2 draconian callers (D)
  2 green draconians (D)
  4 stone giants (D)
  2 bennus (D)
  4 black draconians (D)
  3 mottled draconians (D)
  2 red draconians (D)
  5 yellow draconians (D)
  5 white draconians (D)
  4 purple draconians (D)
  3 crystal guardians (D)
  4 merfolk javelineers (D)
  14 death oozes (D)
  4 mummy priests (D)
  10 fire dragons (D)
  4 great orbs of eyes (D)
  2 yaktaur captains (D)
  Erolcha (D)
  A spriggan air mage (D)
  2 ghost crabs (shapeshifter) (D)
  3 naga warriors (D)
  Erica (D)
  2 centaur warriors (D)
  An alligator (shapeshifter) (D)
  2 anacondas (D)
  An anaconda (shapeshifter) (D)
  A hell hog (shapeshifter) (D)
  A dancing weapon (D)
  An orc high priest (D)
  2 death scarabs (D)
  10 hell hogs (D)
  4 spriggan berserkers (D)
  2 shock serpents (shapeshifter) (D)
  7 iron golems (D)
  A spriggan (D)
  A deep elf knight (D)
  A fire crab (shapeshifter) (D)
  A death drake (D)
  An unseen horror (shapeshifter) (D)
  2 glowing orange brains (D)
  A sea snake (shapeshifter) (D)
  A lindwurm (shapeshifter) (D)
  2 swamp dragons (D)
  A flayed ghost (D)
  2 mana vipers (shapeshifter) (D)
  6 orc knights (D)
  A faun (shapeshifter) (D)
  A hornet (shapeshifter) (D)
  A harpy (shapeshifter) (D)
  3 wolf spiders (shapeshifter) (D)
  An orc sorcerer (D)
  5 shining eyes (D)
  An oklob plant (D)
  A manticore (shapeshifter) (D)
  A wolf spider (D)
  Maurice (D)
  5 cyclopes (D)
  A guardian serpent (shapeshifter) (D)
  A cyclops (shapeshifter) (D)
  2 water nymphs (shapeshifter) (D)
  2 black mambas (D)
  6 hellions (D)
  7 eyes of devastation (D)
  2 naga magi (D)
  A freezing wraith (D)
  2 rime drakes (D)
  A yaktaur (D)
  2 komodo dragons (shapeshifter) (D)
  3 tormentors (D)
  An efreet (D)
  A dryad (D)
  5 guardian mummies (D)
  A troll (D)
  6 red devils (D)
  4 wind drakes (shapeshifter) (D)
  6 merfolk (D)
  37 slime creatures (D)
  A hippogriff (D)
  A snapping turtle (shapeshifter) (D)
  3 slime creatures (shapeshifter) (D)
  A redback (shapeshifter) (D)
  Sigmund (D)
  A redback (D)
  4 wraiths (D)
  3 shadows (D)
  8 fire elementals (D)
  8 flying skulls (D)
  2 wyverns (D)
  3 golden eyes (D)
  Eustachio (D)
  3 ushabtiu (D)
  Grum (D)
  2 steam dragons (D)
  A steam dragon (shapeshifter) (D)
  A human (shapeshifter) (D)
  A warg (D)
  Edmund (D)
  A swamp worm (shapeshifter) (D)
  2 mottled dragons (D)
  2 water moccasins (D)
  Menkaure (D)
  2 floating eyes (D)
  Duvessa (D)
  8 hell hounds (D)
  2 floating eyes (shapeshifter) (D)
  9 orc warriors (D)
  Purgy (D)
  An ogre (shapeshifter) (D)
  A black bear (D)
  An eye of draining (shapeshifter) (D)
  A phantom (D)
  A wasp (D)
  An ogre (D)
  6 eyes of draining (D)
  3 centaurs (D)
  A wolf (D)
  Blork the orc (D)
  4 earth elementals (D)
  Dowan (D)
  A crimson imp (D)
  4 jellies (D)
  5 orc wizards (D)
  Crazy Yiuf (D)
  4 orc priests (D)
  An iron imp (D)
  Jessica (D)
  12 mummies (D)
  5 adders (D)
  A shadow imp (D)
  A white imp (D)
  An adder zombie (D)
  9 adder skeletons (D)
  A leopard gecko (shapeshifter) (D)
  5 orcs (D)
  6 bat skeletons (D)
  8 bat zombies (D)
  A hobgoblin (shapeshifter) (D)
  A ball python (D)
  A ball python skeleton (D)
  A ball python zombie (D)
  A giant cockroach zombie (D)
  A jackal skeleton (D)
  4 jackal zombies (D)
  3 leopard gecko skeletons (D)
  2 leopard gecko zombies (D)
  A quokka skeleton (D)
  2 quokka zombies (D)
  11 briar patches (D)
  5 fire vortices (D)
528 creatures vanquished.

Vanquished Creatures (collateral kills)
  An acid blob (shapeshifter) (D)
  A deep elf elementalist (D)
  An iron imp (D)
  2 ball pythons (D)
5 creatures vanquished.

Vanquished Creatures (others)
  A hell hog (D)
  A ball python (D)
2 creatures vanquished.

Grand Total: 535 creatures vanquished

Notes
Turn   | Place    | Note
-------+----------+-------------------------------------------
     0 | D        | Loading the Hill Orc Fighter began the quest for the Orb.
     0 | D        | Reached XP level 1. HP: 19/19 MP: 1/1
     0 | D        | Found a deep blue altar of Sif Muna.
     0 | D        | Found a bloodstained altar of Trog.
     0 | D        | Found a sacrificial altar of Ru.
     0 | D        | Found a stormy altar of Qazlal.
     0 | D        | Found an iron altar of Okawaru.
     1 | D        | Found a sparkling altar of Nemelex Xobeh.
     1 | D        | Found a blossoming altar of Fedhas.
     3 | D        | Found an ancient bone altar of Kikubaaqudgha.
     3 | D        | Found a viscous altar of Jiyva.
     3 | D        | Found a corrupted altar of Lugonu.
     3 | D        | Found a hazy altar of Hepliaklqana.
     3 | D        | Found a burning altar of Makhleb.
     3 | D        | Found an opulent altar of Gozag.
    67 | D        | Became a worshipper of Qazlal Stormbringer
    69 | D        | Reached skill level 10 in Axes
    69 | D        | Reached XP level 2. HP: 26/26 MP: 2/2
    82 | D        | Entered arena 1.
    82 | D        | Noticed a wolf
    82 | D        | Noticed a black bear
    85 | D        | Killed a black bear
    85 | D        | Reached XP level 3. HP: 31/35 MP: 2/6
    85 | D        | Reached XP level 4. HP: 36/41 MP: 2/7
    86 | D        | Killed a wolf
    86 | D        | Reached skill level 5 in Fighting
    86 | D        | Reached skill level 5 in Armour
    86 | D        | Reached skill level 5 in Shields
    86 | D        | Reached XP level 5. HP: 43/48 MP: 2/9
   149 | D        | Entered arena 2.
   149 | D        | Noticed a hell hound
   152 | D        | Reached * piety under Qazlal
   153 | D        | Killed a hell hound
   153 | D        | Reached XP level 6. HP: 57/57 MP: 9/11
   170 | D        | Entered arena 3.
   170 | D        | Noticed a deep elf elementalist
   170 | D        | Noticed a vampiric war axe
   170 | D        | Noticed a queen bee
   170 | D        | Noticed a deep elf knight
   171 | D        | a queen bee changed into an ogre
   175 | D        | Killed a vampiric war axe
   175 | D        | Reached ** piety under Qazlal
   175 | D        | Reached skill level 10 in Invocations
   175 | D        | Reached XP level 7. HP: 68/68 MP: 11/15
   175 | D        | Reached XP level 8. HP: 74/74 MP: 11/16
   177 | D        | Killed a deep elf knight
   177 | D        | Reached skill level 15 in Axes
   179 | D        | Killed a deep elf elementalist
   179 | D        | Reached skill level 10 in Fighting
   179 | D        | Reached XP level 9. HP: 83/85 MP: 11/19
   229 | D        | Entered arena 4.
   232 | D        | Reached *** piety under Qazlal
   238 | D        | Got the ring of the Burgomaster {rN+ Str+3}
   282 | D        | Entered arena 5.
   282 | D        | Noticed a freezing wraith
   284 | D        | Reached **** piety under Qazlal
   290 | D        | Killed a freezing wraith
   291 | D        | Reached ***** piety under Qazlal
   311 | D        | Entered arena 6.
   435 | D        | Entered arena 7.
   435 | D        | Noticed Sigmund
   435 | D        | Noticed Crazy Yiuf
   435 | D        | Noticed Dowan
   435 | D        | Noticed Erica
   435 | D        | Noticed Eustachio
   435 | D        | Noticed Grum
   440 | D        | Killed Crazy Yiuf
   441 | D        | Killed Dowan
   446 | D        | Killed Erica
   446 | D        | Reached XP level 10. HP: 91/94 MP: 20/20
   450 | D        | Killed Sigmund
   450 | D        | Reached skill level 10 in Armour
   450 | D        | Reached skill level 10 in Shields
   453 | D        | Killed Grum
   455 | D        | Killed Eustachio
   455 | D        | Reached ****** piety under Qazlal
   463 | D        | Entered arena 8.
   470 | D        | Reached skill level 15 in Invocations
   496 | D        | Got the ring of Qexzal {+Inv rN+}
   515 | D        | Entered arena 9.
   515 | D        | Noticed an eye of devastation
   515 | D        | Noticed a shining eye
   516 | D        | Killed a shining eye
   516 | D        | Reached XP level 11. HP: 99/104 MP: 21/23
   547 | D        | Got the amulet "Gialaikkadgh" {Dismiss rF+}
   552 | D        | Entered arena 10.
   571 | D        | Entered arena 11.
   708 | D        | Entered arena 12.
   708 | D        | Noticed a naga warrior
   708 | D        | Noticed a naga warrior
   709 | D        | Noticed a nagaraja
   709 | D        | Noticed a naga warrior
   709 | D        | Noticed an anaconda
   718 | D        | Killed an anaconda
   727 | D        | Killed a naga warrior
   733 | D        | Killed a naga warrior
   735 | D        | Killed a naga warrior
   742 | D        | Killed a nagaraja
   742 | D        | Reached XP level 12. HP: 56/115 MP: 25/25
   995 | D        | Entered arena 13.
   996 | D        | Noticed an orc warlord
  1000 | D        | Killed an orc warlord
  1165 | D        | Entered arena 14.
  1166 | D        | Noticed a fire dragon
  1167 | D        | Noticed a fire dragon
  1169 | D        | Killed a fire dragon
  1178 | D        | Killed a fire dragon
  1251 | D        | Entered arena 15.
  1252 | D        | Noticed a thorn hunter
  1252 | D        | Noticed an anaconda
  1252 | D        | Noticed a spriggan defender
  1252 | D        | Noticed a spriggan berserker
  1252 | D        | Noticed a spriggan air mage
  1252 | D        | Noticed a spriggan berserker
  1252 | D        | Noticed a spriggan defender
  1253 | D        | Noticed a spriggan berserker
  1253 | D        | Noticed a spriggan berserker
  1253 | D        | Noticed a spriggan rider
  1254 | D        | Killed a spriggan berserker
  1254 | D        | Killed a spriggan defender
  1254 | D        | Reached XP level 13. HP: 121/125 MP: 27/27
  1254 | D        | Reached skill level 15 in Fighting
  1254 | D        | Killed a spriggan defender
  1254 | D        | Killed a thorn hunter
  1346 | D        | Entered arena 16.
  1348 | D        | Noticed an orc warlord
  1349 | D        | Noticed an orc warlord
  1356 | D        | Killed an orc warlord
  1356 | D        | Reached skill level 15 in Armour
  1360 | D        | Killed an orc warlord
  1360 | D        | Reached skill level 15 in Shields
  1400 | D        | Entered arena 17.
  1400 | D        | Noticed Duvessa
  1402 | D        | Noticed Prince Ribbit
  1402 | D        | Noticed Aizul
  1402 | D        | Noticed Kirke
  1402 | D        | Noticed Saint Roka
  1402 | D        | Noticed Maurice
  1402 | D        | Noticed Erolcha
  1403 | D        | Noticed Edmund
  1404 | D        | Noticed Purgy
  1405 | D        | Noticed Blork the orc
  1405 | D        | Killed Duvessa
  1406 | D        | Noticed Louise
  1406 | D        | Noticed Menkaure
  1406 | D        | Noticed Gastronok
  1407 | D        | Noticed Jessica
  1408 | D        | Killed Menkaure
  1408 | D        | Killed Blork the orc
  1408 | D        | Killed Jessica
  1408 | D        | Killed Purgy
  1408 | D        | Killed Kirke
  1408 | D        | Killed Edmund
  1408 | D        | Killed Maurice
  1408 | D        | Killed Louise
  1408 | D        | Reached XP level 14. HP: 116/138 MP: 29/29
  1409 | D        | Killed Erolcha
  1411 | D        | Killed Aizul
  1416 | D        | Killed Saint Roka
  1418 | D        | Killed Gastronok
  1741 | D        | Noticed Roxanne
  1751 | D        | Killed Roxanne
  1778 | D        | Entered arena 18.
  1780 | D        | Noticed an iron dragon
  1780 | D        | Noticed a stone giant
  1781 | D        | Noticed a quicksilver dragon
  1781 | D        | Noticed an iron dragon
  1781 | D        | Noticed a quicksilver dragon
  1781 | D        | Noticed a quicksilver dragon
  1785 | D        | Killed a quicksilver dragon
  1785 | D        | Killed a quicksilver dragon
  1786 | D        | Killed a quicksilver dragon
  1786 | D        | Killed an iron dragon
  1786 | D        | Killed an iron dragon
  1786 | D        | Reached XP level 15. HP: 114/149 MP: 23/31
  1894 | D        | Entered arena 19.
  1898 | D        | Noticed a deep elf master archer
  1899 | D        | Noticed a deep elf master archer
  1903 | D        | Reached skill level 27 in Axes
  1903 | D        | Killed a deep elf master archer
  1904 | D        | Reached skill level 27 in Invocations
  1905 | D        | Killed a deep elf master archer
  2272 | D        | Upgraded the game from 0.19-a0-1714-gcab94ab to 0.19-a0-1720-gc855d72
  2273 | D        | Entered arena 20.
  2276 | D        | Noticed a glowing shapeshifter
  2277 | D        | Noticed a shard shrike
  2277 | D        | a glowing shapeshifter changed into a blink frog
  2278 | D        | Noticed a shard shrike
  2278 | D        | Noticed a titan
  2278 | D        | Noticed a shard shrike
  2278 | D        | Noticed a hellephant
  2278 | D        | a shard shrike changed into a hellephant
  2278 | D        | Noticed a juggernaut
  2278 | D        | a titan changed into a juggernaut
  2278 | D        | Paralysed by a floating eye for 3 turns
  2279 | D        | Noticed a titan
  2279 | D        | a juggernaut changed into a titan
  2280 | D        | Noticed a hellephant
  2281 | D        | Killed a hellephant
  2281 | D        | Killed a shard shrike
  2281 | D        | Killed a shard shrike
  2281 | D        | Reached XP level 16. HP: 134/167 MP: 33/33
  2281 | D        | Noticed a titan
  2281 | D        | a hellephant changed into a titan
  2281 | D        | Noticed a hellephant
  2281 | D        | a titan changed into a hellephant
  2281 | D        | Noticed a shard shrike
  2281 | D        | a titan changed into a shard shrike
  2282 | D        | Noticed a titan
  2282 | D        | a shard shrike changed into a titan
  2284 | D        | Killed a titan
  2284 | D        | Killed a hellephant
  2373 | D        | Entered arena 21.
  2376 | D        | Noticed a shard shrike
  2376 | D        | a glowing shapeshifter changed into a shard shrike
  2377 | D        | Noticed a juggernaut
  2377 | D        | Noticed a hellephant
  2377 | D        | a glowing shapeshifter changed into a hellephant
  2377 | D        | Noticed an iron giant
  2377 | D        | a juggernaut changed into an iron giant
  2378 | D        | Noticed a juggernaut
  2378 | D        | Noticed a shard shrike
  2379 | D        | Killed a shard shrike
  2379 | D        | Noticed a shard shrike
  2379 | D        | a hellephant changed into a shard shrike
  2379 | D        | Noticed an acid blob
  2379 | D        | an iron giant changed into an acid blob
  2380 | D        | Killed a shard shrike
  2380 | D        | Killed a shard shrike
  2380 | D        | Killed an acid blob
  2380 | D        | Noticed a shard shrike
  2380 | D        | a juggernaut changed into a shard shrike
  2381 | D        | Noticed a juggernaut
  2381 | D        | Noticed a shard shrike
  2381 | D        | a juggernaut changed into a shard shrike
  2387 | D        | Killed a shard shrike
  2388 | D        | Noticed a hellephant
  2388 | D        | a shard shrike changed into a hellephant
  2389 | D        | a hellephant changed into an iron dragon
  2392 | D        | Noticed an acid blob
  2392 | D        | an iron dragon changed into an acid blob
  2396 | D        | Killed an acid blob
  2566 | D        | Got the ring of the Townfolk {AC+6 Int+4}
  2598 | D        | Entered arena 22.
  2604 | D        | Noticed a purple draconian monk
  2607 | D        | Reached XP level 17. HP: 179/185 MP: 34/34
  2607 | D        | Identified a +1 rod of inaccuracy (11/14)
  2608 | D        | Reached skill level 27 in Fighting
  2697 | D        | Entered arena 23.
  2704 | D        | Noticed a greater mummy
  2704 | D        | Noticed a greater mummy
  2704 | D        | Noticed a greater mummy
  2705 | D        | Killed a greater mummy
  2705 | D        | Killed a greater mummy
  2705 | D        | Reached skill level 27 in Armour
  2705 | D        | Reached skill level 27 in Shields
  2705 | D        | Reached skill level 5 in Dodging
  2705 | D        | Killed a greater mummy
  2705 | D        | Reached XP level 18. HP: 59/194 MP: 35/35
  2706 | D        | Reached skill level 10 in Dodging
  3205 | D        | Entered arena 24.
  3214 | D        | Noticed an orb of fire
  3215 | D        | Noticed an orb of fire
  3215 | D        | Noticed an orb of fire
  3217 | D        | Killed an orb of fire
  3217 | D        | Reached skill level 15 in Dodging
  3220 | D        | Killed an orb of fire
  3225 | D        | Killed an orb of fire
  3307 | D        | Entered arena 25.
  3317 | D        | Reached XP level 19. HP: 180/207 MP: 36/36
  3444 | D        | Got the amulet of Sedik {Reflect rF++ rC- rN+ Str+8 SH+2}
  3465 | D        | Got the amulet "Weroaf" {Gourm rF- Int+2 Dex-5 Slay+5}
  3475 | D        | Entered arena 26.
  3486 | D        | Reached skill level 27 in Dodging
  3486 | D        | Reached skill level 10 in Evocations
  3486 | D        | Reached skill level 15 in Evocations
  3491 | D        | Paralysed by a floating eye for 4 turns
  3499 | D        | Reached XP level 20. HP: 146/216 MP: 0/37
  3650 | D        | Got a polished broad axe
  3652 | D        | Identified the +1 broad axe "Oggem" {vamp, rElec rF+ Str+6} (You acquired it in the Dungeon)
  3658 | D        | Entered arena 27.
  3843 | D        | Got the Orb of Zot
  3852 | D        | Escaped with the Orb!

Vault maps used:
D:        sprint_v

Skill      XL: |  1  2  3  4  5  6  7  8  9 10 11 12 13 14 15 16 17 18 19 20 |
---------------+-------------------------------------------------------------+-----
Axes           | 10 11 12 14 16 17 18 20 22 24 26 27 | 27.0
Fighting       | 4 5 6 8 10 11 13 14 16 18 21 25 27 | 27.0
Armour         | 4 5 7 9 11 12 13 15 17 20 23 27 | 27.0
Shields        | 4 5 7 9 10 12 13 15 17 20 23 27 | 27.0
Invocations    | 4 6 7 10 13 14 16 18 20 23 25 27 | 27.0
Dodging        | 9 23 27 | 27.0
Evocations     | 19 22 | 22.9

Action                   |  1- 3 |  4- 6 |  7- 9 | 10-12 | 13-15 | 16-18 | 19-21 || total
-------------------------+-------+-------+-------+-------+-------+-------+-------++-------
Melee: Broad axe         |     2 |     9 |    27 |    85 |    39 |    30 |    17 ||   209
Invok: Disaster Area     |       |       |       |     3 |     8 |    11 |     7 ||    29
       Upheaval          |       |       |       |       |       |       |     1 ||     1
  Use: Potion            |     1 |       |       |       |       |     3 |       ||     4
       Scroll            |       |       |       |       |       |       |     4 ||     4
  Eat: Meat ration       |       |       |       |     2 |       |       |       ||     2
Armor: Gold dragon armou |     2 |       |     3 |    30 |    12 |    13 |     5 ||    65
Dodge: Dodged            |       |       |       |     1 |     1 |       |     5 ||     7
       Deflected         |       |       |       |       |       |     1 |     1 ||     2
Block: Shield            |     7 |    13 |    38 |   149 |    43 |    41 |    12 ||   303
       Reflection        |       |       |       |       |       |       |     3 ||     3
